 Dungeon Crawl Stone Soup version 0.32-a0-779-g362cfcae2a (webtiles) character file.

Game seed: 5701484191121370230

91 Rohain the Sneak (level 4, 0/24 HPs)
             Began as a Vampire Enchanter on Mar 19, 2024.
             Slain by Natasha (6 damage)
             ... on level 2 of the Dungeon.
             The game lasted 00:02:44 (1503 turns).

Rohain the Sneak (Vampire Enchanter)                Turns: 1503, Time: 00:02:45

Health: 0/24       AC:  2    Str: 13    XL:     4   Next: 34%
Magic:  7/7        EV: 12    Int: 19    God:
Gold:   49         SH:  0    Dex: 16    Spells: 7/7 levels left

rFire   . . .        d - +0 dagger (venom)
rCold   + + .        (no shield)
rNeg    + + +        b - +0 robe
rPois   ∞            (no helmet)
rElec   .            (no cloak)
rCorr   .            (no gloves)
SInv    +            (no boots)
Will    .....        (no amulet)
Stlth   ++++++       i - ring "Roefra" {Will- Str+6 Int+2 Stlth+}
HPRegen 0.00/turn    (no ring)
MPRegen 0.10/turn

%: no passive effects
@: bloodless, inhibited regen
A: bloodless, fangs 3, see invisible, vampiric 2
a: Bat Form, Revivify


You were on level 2 of the Dungeon.
You visited 1 branch of the dungeon, and saw 2 of its levels.

You collected 49 gold pieces.

Inventory:

Hand Weapons
 a - a +1 dagger
 d - a +0 dagger of venom (weapon)
Missiles
 j - a throwing net (quivered)
Armour
 b - a +0 robe (worn)
Jewellery
 i - the ring "Roefra" (left hand) {Will- Str+6 Int+2 Stlth+}
   (You found it on level 2 of the Dungeon)

   [ring of strength]

   Str+6:     It affects your strength (+6).
   Int+2:     It affects your intelligence (+2).
   Will-:     It decreases your willpower.
   Stlth+:    It makes you more stealthy.
 n - an amulet of reflection
Talismans
 f - a maw talisman
Wands
 m - a wand of quicksilver (3)
Scrolls
 g - 2 scrolls of fear
 k - a scroll of brand weapon {unknown}
 l - 2 scrolls of teleportation
Potions
 c - 2 potions of invisibility
 e - a potion of haste
 h - a potion of resistance
 o - a potion of ambrosia {unknown}


   Skills:
 + Level 2.1 Short Blades
 + Level 2.9 Dodging
 * Level 5.9 Stealth
 + Level 2.4 Spellcasting
 + Level 5.0 Hexes


You had 7 spell levels left.
You didn't know any spells.
Your spell library contained the following spells:

 Spells                   Type           Power      Damage    Failure   Level
 Confusing Touch          Hex            21%        N/A       6%          3
 Tukima's Dance           Hex            21%        N/A       6%          3
 Ensorcelled Hibernation  Hex/Ice        22%        N/A       9%          2
 Dazzling Flash           Conj/Hex       22%        N/A       17%         3


Dungeon Overview and Level Annotations

Branches:
Dungeon (2/15)

Altars:

Annotations:
D:2 Natasha


Innate Abilities, Weirdness & Mutations

You do not regenerate when monsters are visible.
You are frail without blood (-20% HP).
You can heal yourself when you bite living creatures.
You are immune to poison.
You have razor-sharp teeth.
You have supernaturally acute eyesight. (SInv)
You are afflicted with vampirism and can become a bat while bloodless.


Message History

n - an amulet of reflection A bat comes into view.
Found a fizzy silvery potion.
Found a stone staircase leading up.
The helpless bat fails to defend itself.
You bite the bat, and draw its blood! You impale the bat!!
You kill the bat!
Found a shortbow.
o - a fizzy silvery potion
As you read the scroll labelled MUYDGH WOPYKK, it crumbles to dust.
The air around you briefly surges with heat, but it dissipates.
It was a scroll of immolation.
There is a stone staircase leading up here.
You see here a +0 shortbow.
Found 9 gold pieces.
You see here a +2 dagger of speed.
You now have 49 gold pieces (gained 9).
k - a scroll labelled YCSESA ATUI Natasha, Servant of Life and Death comes into view.
Natasha mumbles some strange words.
The cerulean imp barely misses you.
The cerulean imp hits you from afar with a +2 spear.
Natasha claws you.
Natasha casts a spell.
The cerulean imp hits you from afar with a +2 spear. x2
Natasha casts a spell.
You barely miss Natasha. Your bite misses Natasha.
The cerulean imp hits you from afar with a +2 spear.
You barely miss Natasha. The cerulean imp barely misses you.
Natasha barely misses you.
The cerulean imp hits you but does no damage.
You hit Natasha.
Natasha is moderately wounded.
The cerulean imp hits you from afar with a +2 spear.
Natasha claws you.
The cerulean imp hits you from afar with a +2 spear.
* * * LOW HITPOINT WARNING * * *
Natasha attacks as she pursues you! Natasha claws you.
You die...
Natasha begins licking her fur clean.

#.# #.# #.#.# ###
### #.#.# #.#.#
########.#)#
.......>....
########.... #....
############# ##†..
#....5.h@...# #...
#.###5#####.# #..#
# #...#.# #...
#.###.# #÷##
#.....# #.##
#.##############)#
#...........#....#
#.###.#####.###..##
#.# #.#...#.# #....


You could see Natasha and 2 cerulean imps.

Vanquished Creatures
  Natasha (D:2)
  2 adders (D:2)
  2 dart slugs (D:2)
  3 ribbon worms (D:2)
  4 endoplasms (D:1)
  A giant cockroach (D:2)
  5 goblins
  A hobgoblin (D:1)
  4 quokkas (D:2)
  4 ball pythons
  A bat (D:2)
  3 frilled lizards
  4 kobolds
  5 rats
40 creatures vanquished.

Notes
Turn   | Place    | Note
-------+----------+-------------------------------------------
     0 | D:1      | Rohain the Vampire Enchanter began the quest for the Orb.
     0 | D:1      | Reached XP level 1. HP: 13/13 MP: 3/3
   422 | D:1      | Reached XP level 2. HP: 19/19 MP: 5/5
   775 | D:2      | Reached skill level 5 in Stealth
   817 | D:2      | Gained mutation: You are afflicted with vampirism and can
                  | become a bat while bloodless. [Vampire growth]
   817 | D:2      | Reached XP level 3. HP: 19/19 MP: 6/6
   879 | D:2      | Noticed Natasha
   919 | D:2      | Killed Natasha
  1034 | D:2      | Identified the ring "Roefra" {Will- Str+6 Int+2 Stlth+}
  1081 | D:2      | Reached XP level 4. HP: 24/24 MP: 7/7
  1266 | D:2      | Reached skill level 5 in Hexes
  1492 | D:2      | Noticed Natasha
  1503 | D:2      | Slain by Natasha

Illustrated notes

Levels and vault maps discovered:
D:1:      tarquinn_simple_flora_water_a, layout_loops_ring
D:2:      mumra_celtic_spiral_tile, layout_loops_ring, minmay_bisected,
          uniq_natasha

Skill      XL: |  1  2  3  4 |
---------------+-------------+-----
Stealth        | 5 |  5.9
Short Blades   | 2 |  2.1
Hexes          | 5 |  5.0
Dodging        | |  2.9
Spellcasting   | |  2.4

Action                     |  1- 3 |  4- 6 || total
---------------------------+-------+-------++-------
  Melee: Dagger            |    57 |    31 ||    88
         Bite              |     8 |     2 ||    10
Ability: Exsanguinate      |     1 |       ||     1
    Use: Scroll            |     4 |     1 ||     5
   Stab: Sleeping          |    14 |     4 ||    18
 Armour: Robe              |    19 |    26 ||    45
  Dodge: Dodged            |    19 |    21 ||    40

Table legend: (Time is in decaauts)
 A = Elapsed time spent in this place.
 B = Non-inter-level travel time spent in this place.
 C = Inter-level travel time spent in this place.
 D = Time resting spent in this place.
 E = Time spent auto-exploring this place.
 F = Levels seen in this place.
 G = Mean time per level.
                   A        B        C        D        E       F      G
               +--------+--------+--------+--------+--------+-----+--------+
         Total |   1494 |   1494 |      0 |    135 |   1057 |   2 |  747.0 |
       Dungeon |   1494 |   1494 |      0 |    135 |   1057 |   2 |  747.0 |
               +--------+--------+--------+--------+--------+-----+--------+

Top non-repeatable levels by time:
     D:2: 750 daAuts
     D:1: 744 daAuts
